[ PARTIDA AOE2 · #476781887 ]
UnrankedFrancos vs Vietnamese
[ ANÁLISIS DE REPETICIÓN · EXTRAÍDO DE LA PARTIDA GRABADA ]
Feudal
9:25
Castillos
20:30
Imperial
41:42
| APM promedio | 49.1 |
| APM pico | 84 |
| eAPM promedio | 23.7 |
| Aldeanos / militares | 172 / 208 |
Foco
⚔️ 29.7% · 🌾 70.3%
Knight ×125 · Scout Cavalry ×80 · Trade Cart ×5 · Trebuchet (Packed) ×2 · Monk ×1
Feudal
10:30
Castillos
14:06
Imperial
41:31
| APM promedio | 31.4 |
| APM pico | 78 |
| eAPM promedio | 17.7 |
| Aldeanos / militares | 183 / 100 |
Foco
⚔️ 37.8% · 🌾 62.2%
Rattan Archer ×100
Feudal
10:09
Castillos
14:41
Imperial
36:04
| APM promedio | 44.4 |
| APM pico | 80 |
| eAPM promedio | 24.8 |
| Aldeanos / militares | 208 / 205 |
Foco
⚔️ 36.5% · 🌾 63.5%
Skirmisher ×125 · Battering Ram ×21 · Camel Scout ×20 · Trade Cart ×15 · Bombard Cannon ×11 · Scorpion ×9
Feudal
7:59
Castillos
18:48
Imperial
38:54
| APM promedio | 55.8 |
| APM pico | 109 |
| eAPM promedio | 32.8 |
| Aldeanos / militares | 132 / 257 |
Foco
⚔️ 41.3% · 🌾 58.7%
Battle Elephant ×148 · Galley ×47 · Skirmisher ×35 · Fishing Ship ×34 · Fire Galley ×21 · Knight ×4
Feudal
11:22
Castillos
15:02
Imperial
38:11
| APM promedio | 67.5 |
| APM pico | 114 |
| eAPM promedio | 35.6 |
| Aldeanos / militares | 150 / 225 |
Foco
⚔️ 46.3% · 🌾 53.7%
Bolas Rider ×207 · Trade Cart ×15 · Trebuchet (Packed) ×8 · Kona ×6 · Spearman ×3 · Monk ×1
Feudal
11:46
Castillos
15:29
Imperial
37:09
| APM promedio | 37.2 |
| APM pico | 70 |
| eAPM promedio | 21.4 |
| Aldeanos / militares | 175 / 138 |
Foco
⚔️ 36.7% · 🌾 63.3%
Camel Scout ×86 · Cavalry Archer ×26 · Unknown (1263) ×22 · Scout Cavalry ×15 · Battering Ram ×7 · Monk ×4
Feudal
10:57
Castillos
14:40
Imperial
32:27
| APM promedio | 29.2 |
| APM pico | 54 |
| eAPM promedio | 18.0 |
| Aldeanos / militares | 184 / 89 |
Foco
⚔️ 32.1% · 🌾 67.9%
Longboat ×36 · Skirmisher ×28 · Fire Galley ×25 · Trade Cog ×2
Feudal
8:46
Castillos
20:32
Imperial
34:57
| APM promedio | 44.5 |
| APM pico | 89 |
| eAPM promedio | 22.2 |
| Aldeanos / militares | 200 / 140 |
Foco
⚔️ 32.2% · 🌾 67.8%
Chu Ko Nu ×99 · Iron Pagoda ×19 · Spearman ×8 · Monk ×5 · Scout Cavalry ×5 · Knight ×2
Mapa de la partida
Recursos iniciales + cada clic de construcción. Líneas = muros · curvas = relieve. ◆ oro · ⬟ piedra · ● bayas · ✦ reliquia · ◌ hueco del cierre
Tu base· ✓ Separados por el mapa
Base de 悠律· ✓ Separados por el mapa
Base de 啊这· ✓ Separados por el mapa
Base de lsa· ✓ Separados por el mapa
Base de 溢彩欧泊· ✓ Separados por el mapa
Base de Nagasaki Anon· ✓ Separados por el mapa
Base de Nqn7m1· ✓ Separados por el mapa
Base de 黑炎柠檬茶· ✓ Separados por el mapa
Terreno inicial suavizado · ◌ = hueco del cierre detectado · pasá el cursor para detalles
Inputs por minuto
— Xialian - - 悠律
Build order — Xialian
Primeras 150 de 493 acciones detectadas
| 0:00 | Crear | Villager (Male) |
| 0:02 | Construir | House |
| 0:04 | Construir | House |
| 0:05 | Crear | Villager (Male) |
| 0:05 | Crear | Villager (Male) |
| 0:13 | Crear | Villager (Male) |
| 0:13 | Crear | Villager (Male) |
| 1:29 | Construir | Lumber Camp |
| 1:40 | Crear | Villager (Male) |
| 1:41 | Crear | Villager (Male) |
| 2:09 | Crear | Villager (Male) |
| 2:10 | Crear | Villager (Male) |
| 2:52 | Crear | Villager (Male) |
| 2:52 | Crear | Villager (Male) |
| 3:18 | Crear | Villager (Male) |
| 3:18 | Crear | Villager (Male) |
| 3:26 | Construir | Mill |
| 4:10 | Crear | Villager (Male) |
| 4:34 | Crear | Villager (Male) |
| 4:38 | Investigar | Loom |
| 4:46 | Construir | House |
| 5:04 | Construir | Farm |
| 5:07 | Crear | Villager (Male) |
| 5:07 | Crear | Villager (Male) |
| 5:55 | Crear | Villager (Male) |
| 6:22 | Crear | Villager (Male) |
| 6:40 | Construir | House |
| 6:45 | Crear | Villager (Male) |
| 7:07 | Construir | Barracks |
| 7:15 | Investigar | Feudal Age |
| 7:15 | Investigar | Feudal Age |
| 7:37 | Construir | Farm |
| 7:39 | Construir | Farm |
| 8:30 | Crear | Villager (Male) |
| 8:30 | Crear | Villager (Male) |
| 9:25 | Edad | Edad Feudal |
| 9:27 | Construir | Stable |
| 9:28 | Investigar | Double-Bit Axe |
| 9:31 | Construir | Farm |
| 9:33 | Construir | Farm |
| 10:14 | Construir | Lumber Camp |
| 10:15 | Crear | Scout Cavalry |
| 10:15 | Crear | Scout Cavalry |
| 10:16 | Crear | Villager (Male) |
| 10:24 | Construir | House |
| 10:47 | Crear | Scout Cavalry |
| 10:49 | Crear | Villager (Male) |
| 10:51 | Construir | Farm |
| 11:06 | Crear | Scout Cavalry |
| 11:13 | Crear | Villager (Male) |
| 11:20 | Construir | House |
| 11:25 | Construir | House |
| 11:31 | Construir | House |
| 11:34 | Crear | Scout Cavalry |
| 11:46 | Crear | Villager (Male) |
| 11:57 | Crear | Scout Cavalry |
| 12:00 | Construir | Farm |
| 12:05 | Construir | Farm |
| 12:08 | Construir | Farm |
| 12:08 | Crear | Villager (Male) |
| 12:28 | Construir | Blacksmith |
| 12:30 | Construir | House |
| 12:34 | Crear | Villager (Male) |
| 12:38 | Construir | Farm |
| 12:55 | Construir | Farm |
| 12:55 | Crear | Villager (Male) |
| 13:15 | Crear | Scout Cavalry |
| 13:41 | Crear | Villager (Male) |
| 14:04 | Crear | Villager (Male) |
| 14:07 | Construir | House |
| 14:19 | Crear | Villager (Male) |
| 14:24 | Construir | Farm |
| 14:37 | Crear | Villager (Male) |
| 14:40 | Construir | House |
| 14:53 | Construir | Farm |
| 15:10 | Construir | House |
| 15:11 | Crear | Villager (Male) |
| 15:13 | Construir | Farm |
| 15:15 | Construir | Farm |
| 15:33 | Construir | Lumber Camp |
| 15:35 | Crear | Villager (Male) |
| 15:42 | Construir | Mining Camp |
| 16:01 | Construir | Farm |
| 16:05 | Construir | House |
| 16:23 | Crear | Villager (Male) |
| 16:23 | Crear | Villager (Male) |
| 16:29 | Crear | Villager (Male) |
| 16:31 | Construir | Farm |
| 16:34 | Construir | Farm |
| 16:52 | Investigar | Scale Barding Armor |
| 17:25 | Crear | Villager (Male) |
| 17:42 | Investigar | Castle Age |
| 17:42 | Investigar | Castle Age |
| 18:41 | Investigar | Gold Mining |
| 18:47 | Construir | Stable |
| 18:54 | Construir | Stable |
| 19:23 | Investigar | Forging |
| 19:54 | Construir | Farm |
| 20:30 | Edad | Edad de los Castillos |
| 20:35 | Crear | Knight |
| 20:35 | Crear | Knight |
| 20:36 | Crear | Villager (Male) |
| 20:37 | Investigar | Chain Barding Armor |
| 20:55 | Construir | Town Center |
| 21:03 | Crear | Villager (Male) |
| 21:03 | Crear | Villager (Male) |
| 21:05 | Investigar | Bow Saw |
| 21:27 | Crear | Knight |
| 21:28 | Crear | Knight |
| 21:40 | Crear | Knight |
| 21:40 | Crear | Villager (Male) |
| 21:47 | Crear | Knight |
| 22:05 | Investigar | Husbandry |
| 22:10 | Construir | Stable |
| 22:21 | Construir | House |
| 22:23 | Crear | Knight |
| 22:23 | Crear | Knight |
| 22:26 | Crear | Villager (Male) |
| 22:39 | Construir | Town Center |
| 22:40 | Crear | Villager (Male) |
| 22:43 | Crear | Knight |
| 22:43 | Crear | Knight |
| 22:56 | Construir | House |
| 22:56 | Crear | Villager (Male) |
| 23:13 | Crear | Villager (Male) |
| 23:13 | Crear | Villager (Male) |
| 23:17 | Construir | Farm |
| 23:19 | Crear | Knight |
| 23:19 | Crear | Knight |
| 23:30 | Crear | Villager (Male) |
| 23:32 | Construir | Farm |
| 23:33 | Construir | Farm |
| 23:33 | Construir | Farm |
| 23:34 | Construir | Farm |
| 23:35 | Construir | Farm |
| 23:41 | Crear | Villager (Male) |
| 23:43 | Crear | Villager (Male) |
| 23:55 | Crear | Villager (Male) |
| 23:57 | Construir | Farm |
| 24:12 | Crear | Villager (Male) |
| 24:14 | Crear | Knight |
| 24:14 | Crear | Knight |
| 24:18 | Crear | Knight |
| 24:18 | Crear | Knight |
| 24:23 | Construir | House |
| 24:24 | Crear | Villager (Male) |
| 24:33 | Crear | Villager (Male) |
| 24:45 | Crear | Villager (Male) |
| 24:49 | Crear | Villager (Male) |
| 24:50 | Construir | Farm |
Build order — 悠律
Primeras 150 de 407 acciones detectadas
| 0:01 | Crear | Villager (Male) |
| 0:01 | Crear | Villager (Male) |
| 0:01 | Crear | Villager (Male) |
| 0:02 | Crear | Villager (Male) |
| 0:02 | Crear | Villager (Male) |
| 0:03 | Construir | House |
| 0:05 | Construir | House |
| 1:43 | Crear | Villager (Male) |
| 1:43 | Crear | Villager (Male) |
| 1:50 | Construir | Lumber Camp |
| 2:32 | Crear | Villager (Male) |
| 2:32 | Crear | Villager (Male) |
| 2:32 | Crear | Villager (Male) |
| 3:17 | Crear | Villager (Male) |
| 3:17 | Crear | Villager (Male) |
| 3:39 | Crear | Villager (Male) |
| 4:31 | Crear | Villager (Male) |
| 4:31 | Crear | Villager (Male) |
| 4:34 | Construir | House |
| 5:41 | Construir | Mill |
| 5:43 | Crear | Villager (Male) |
| 5:43 | Crear | Villager (Male) |
| 5:51 | Construir | House |
| 6:27 | Crear | Villager (Male) |
| 6:27 | Crear | Villager (Male) |
| 6:36 | Construir | Farm |
| 6:38 | Construir | Farm |
| 6:40 | Construir | Farm |
| 7:18 | Crear | Villager (Male) |
| 7:18 | Crear | Villager (Male) |
| 7:32 | Construir | Mining Camp |
| 8:20 | Investigar | Feudal Age |
| 9:45 | Construir | House |
| 10:02 | Crear | Villager (Male) |
| 10:02 | Crear | Villager (Male) |
| 10:30 | Edad | Edad Feudal |
| 10:33 | Construir | Market |
| 10:38 | Construir | Blacksmith |
| 11:23 | Construir | Mining Camp |
| 11:26 | Investigar | Castle Age |
| 12:28 | Construir | Farm |
| 12:47 | Construir | Farm |
| 13:22 | Construir | Farm |
| 13:44 | Crear | Villager (Male) |
| 14:06 | Edad | Edad de los Castillos |
| 14:12 | Construir | Castle |
| 14:23 | Crear | Villager (Male) |
| 14:33 | Construir | Lumber Camp |
| 14:41 | Investigar | Double-Bit Axe |
| 14:45 | Crear | Villager (Male) |
| 14:48 | Construir | Farm |
| 14:50 | Investigar | Fletching |
| 15:15 | Crear | Villager (Male) |
| 15:28 | Crear | Rattan Archer |
| 15:43 | Crear | Villager (Male) |
| 15:52 | Crear | Rattan Archer |
| 15:59 | Construir | Farm |
| 16:02 | Crear | Villager (Male) |
| 16:12 | Crear | Rattan Archer |
| 16:28 | Crear | Rattan Archer |
| 16:29 | Crear | Villager (Male) |
| 16:38 | Construir | Farm |
| 16:42 | Crear | Rattan Archer |
| 16:57 | Construir | Farm |
| 16:59 | Crear | Villager (Male) |
| 17:14 | Crear | Rattan Archer |
| 17:27 | Crear | Rattan Archer |
| 17:27 | Crear | Villager (Male) |
| 17:36 | Construir | Farm |
| 17:47 | Crear | Rattan Archer |
| 17:48 | Crear | Villager (Male) |
| 18:01 | Construir | Farm |
| 18:05 | Crear | Rattan Archer |
| 18:06 | Crear | Villager (Male) |
| 18:20 | Crear | Rattan Archer |
| 18:37 | Crear | Villager (Male) |
| 18:38 | Crear | Rattan Archer |
| 18:43 | Construir | Farm |
| 18:59 | Crear | Villager (Male) |
| 19:00 | Crear | Rattan Archer |
| 19:05 | Construir | House |
| 19:05 | Construir | House |
| 19:06 | Construir | House |
| 19:26 | Crear | Rattan Archer |
| 19:31 | Investigar | Bodkin Arrow |
| 19:43 | Crear | Villager (Male) |
| 19:44 | Crear | Rattan Archer |
| 20:00 | Crear | Villager (Male) |
| 20:23 | Crear | Rattan Archer |
| 20:23 | Crear | Villager (Male) |
| 20:40 | Crear | Rattan Archer |
| 20:43 | Investigar | Padded Archer Armor |
| 20:55 | Crear | Villager (Male) |
| 21:02 | Construir | House |
| 21:15 | Construir | Town Center |
| 21:16 | Crear | Villager (Male) |
| 21:16 | Crear | Rattan Archer |
| 21:40 | Construir | Farm |
| 21:46 | Crear | Rattan Archer |
| 21:46 | Crear | Villager (Male) |
| 22:01 | Crear | Rattan Archer |
| 22:16 | Crear | Rattan Archer |
| 22:16 | Crear | Villager (Male) |
| 22:35 | Crear | Rattan Archer |
| 22:39 | Crear | Villager (Male) |
| 22:57 | Crear | Rattan Archer |
| 22:59 | Crear | Villager (Male) |
| 23:01 | Crear | Villager (Male) |
| 23:07 | Construir | Farm |
| 23:26 | Crear | Rattan Archer |
| 23:28 | Crear | Villager (Male) |
| 23:42 | Crear | Rattan Archer |
| 23:45 | Crear | Villager (Male) |
| 23:58 | Crear | Rattan Archer |
| 24:00 | Crear | Villager (Male) |
| 24:16 | Crear | Rattan Archer |
| 24:29 | Crear | Rattan Archer |
| 24:29 | Crear | Villager (Male) |
| 24:29 | Crear | Villager (Male) |
| 24:42 | Investigar | Bow Saw |
| 24:44 | Crear | Villager (Male) |
| 24:46 | Crear | Rattan Archer |
| 24:50 | Construir | Farm |
| 24:58 | Crear | Villager (Male) |
| 25:02 | Construir | Lumber Camp |
| 25:09 | Crear | Rattan Archer |
| 25:15 | Crear | Villager (Male) |
| 25:15 | Crear | Villager (Male) |
| 25:17 | Construir | House |
| 25:21 | Construir | House |
| 25:53 | Crear | Rattan Archer |
| 25:55 | Crear | Villager (Male) |
| 25:55 | Crear | Villager (Male) |
| 26:09 | Crear | Rattan Archer |
| 26:35 | Crear | Villager (Male) |
| 26:35 | Crear | Villager (Male) |
| 26:36 | Crear | Rattan Archer |
| 27:02 | Crear | Villager (Male) |
| 27:02 | Crear | Villager (Male) |
| 27:03 | Crear | Rattan Archer |
| 27:03 | Crear | Rattan Archer |
| 27:30 | Crear | Villager (Male) |
| 27:50 | Crear | Villager (Male) |
| 27:50 | Crear | Villager (Male) |
| 27:51 | Crear | Rattan Archer |
| 28:03 | Construir | Town Center |
| 28:09 | Crear | Villager (Male) |
| 28:10 | Crear | Villager (Male) |
| 28:10 | Crear | Rattan Archer |
| 28:20 | Construir | University |
Build order — 啊这
Primeras 150 de 500 acciones detectadas
| 0:01 | Crear | Villager (Male) |
| 0:01 | Crear | Villager (Male) |
| 0:02 | Construir | House |
| 0:03 | Construir | House |
| 0:08 | Crear | Villager (Male) |
| 0:16 | Crear | Villager (Male) |
| 0:17 | Crear | Villager (Male) |
| 1:13 | Crear | Villager (Male) |
| 1:13 | Crear | Villager (Male) |
| 1:46 | Construir | Lumber Camp |
| 2:02 | Crear | Villager (Male) |
| 2:09 | Crear | Villager (Male) |
| 2:26 | Crear | Villager (Male) |
| 2:53 | Crear | Villager (Male) |
| 3:15 | Crear | Villager (Male) |
| 3:26 | Construir | House |
| 3:48 | Crear | Villager (Male) |
| 4:28 | Crear | Villager (Male) |
| 4:30 | Crear | Villager (Male) |
| 4:33 | Crear | Villager (Male) |
| 4:47 | Construir | Mill |
| 4:55 | Crear | Villager (Male) |
| 5:19 | Crear | Villager (Male) |
| 5:19 | Crear | Villager (Male) |
| 5:32 | Construir | House |
| 5:37 | Crear | Villager (Male) |
| 5:48 | Crear | Villager (Male) |
| 5:48 | Crear | Villager (Male) |
| 6:12 | Crear | Villager (Male) |
| 6:24 | Crear | Villager (Male) |
| 6:38 | Crear | Villager (Male) |
| 6:41 | Construir | Farm |
| 6:44 | Construir | Farm |
| 6:47 | Construir | Farm |
| 6:59 | Construir | Farm |
| 7:09 | Crear | Villager (Male) |
| 7:19 | Construir | Mining Camp |
| 7:59 | Investigar | Feudal Age |
| 8:23 | Crear | Villager (Male) |
| 8:35 | Crear | Villager (Male) |
| 8:48 | Crear | Villager (Male) |
| 9:41 | Crear | Villager (Male) |
| 9:45 | Construir | Farm |
| 9:52 | Construir | Farm |
| 10:09 | Edad | Edad Feudal |
| 10:19 | Crear | Villager (Male) |
| 10:22 | Crear | Villager (Male) |
| 10:24 | Construir | Blacksmith |
| 10:37 | Crear | Villager (Male) |
| 10:44 | Construir | Market |
| 11:08 | Investigar | Loom |
| 11:10 | Construir | House |
| 11:12 | Construir | Farm |
| 11:22 | Construir | Farm |
| 11:44 | Construir | Farm |
| 12:01 | Investigar | Castle Age |
| 12:07 | Construir | Farm |
| 12:13 | Construir | Farm |
| 12:34 | Investigar | Double-Bit Axe |
| 13:02 | Investigar | Horse Collar |
| 14:41 | Edad | Edad de los Castillos |
| 14:44 | Crear | Villager (Male) |
| 14:51 | Crear | Villager (Male) |
| 14:53 | Crear | Villager (Male) |
| 14:57 | Construir | Town Center |
| 15:00 | Investigar | Bow Saw |
| 15:06 | Crear | Villager (Male) |
| 15:22 | Crear | Villager (Male) |
| 15:25 | Crear | Villager (Male) |
| 15:37 | Construir | Barracks |
| 15:42 | Crear | Villager (Male) |
| 15:58 | Construir | Palisade Wall |
| 16:05 | Construir | Palisade Gate |
| 16:13 | Construir | Palisade Wall |
| 16:17 | Crear | Villager (Male) |
| 16:22 | Crear | Villager (Male) |
| 16:29 | Construir | Lumber Camp |
| 16:36 | Crear | Villager (Male) |
| 16:40 | Crear | Villager (Male) |
| 16:45 | Crear | Villager (Male) |
| 16:50 | Investigar | Wheelbarrow |
| 16:54 | Crear | Villager (Male) |
| 17:07 | Crear | Villager (Male) |
| 17:08 | Crear | Villager (Male) |
| 17:18 | Crear | Villager (Male) |
| 17:18 | Crear | Villager (Male) |
| 17:30 | Crear | Villager (Male) |
| 17:34 | Crear | Villager (Male) |
| 17:41 | Construir | Stable |
| 17:44 | Crear | Villager (Male) |
| 17:48 | Crear | Villager (Male) |
| 17:54 | Crear | Villager (Male) |
| 18:00 | Crear | Villager (Male) |
| 18:22 | Construir | Town Center |
| 18:28 | Crear | Villager (Male) |
| 18:32 | Construir | House |
| 18:38 | Investigar | Heavy Plow |
| 18:45 | Construir | House |
| 18:46 | Construir | House |
| 18:55 | Construir | Farm |
| 18:57 | Crear | Villager (Male) |
| 19:10 | Construir | Farm |
| 19:14 | Crear | Camel Scout |
| 19:14 | Crear | Camel Scout |
| 19:22 | Crear | Villager (Male) |
| 19:24 | Construir | Farm |
| 19:36 | Construir | Archery Range |
| 19:47 | Crear | Villager (Male) |
| 19:51 | Crear | Villager (Male) |
| 19:54 | Crear | Villager (Male) |
| 19:54 | Crear | Villager (Male) |
| 20:13 | Construir | Town Center |
| 20:15 | Crear | Villager (Male) |
| 20:20 | Construir | Farm |
| 20:26 | Crear | Camel Scout |
| 20:37 | Crear | Villager (Male) |
| 20:43 | Crear | Camel Scout |
| 20:47 | Construir | Farm |
| 20:50 | Construir | Farm |
| 20:53 | Construir | Farm |
| 21:49 | Crear | Villager (Male) |
| 21:49 | Crear | Villager (Male) |
| 22:18 | Crear | Villager (Male) |
| 22:19 | Crear | Villager (Male) |
| 22:19 | Crear | Villager (Male) |
| 22:19 | Crear | Villager (Male) |
| 22:19 | Crear | Villager (Male) |
| 22:23 | Crear | Villager (Male) |
| 22:24 | Construir | Siege Workshop |
| 22:38 | Crear | Villager (Male) |
| 22:39 | Crear | Villager (Male) |
| 22:44 | Crear | Villager (Male) |
| 22:44 | Crear | Villager (Male) |
| 22:47 | Construir | Mining Camp |
| 22:55 | Crear | Villager (Male) |
| 23:02 | Construir | Town Center |
| 23:05 | Crear | Mangonel |
| 23:08 | Construir | House |
| 23:11 | Crear | Villager (Male) |
| 23:14 | Construir | House |
| 23:15 | Construir | House |
| 23:19 | Crear | Villager (Male) |
| 23:21 | Construir | Farm |
| 23:40 | Construir | Farm |
| 23:41 | Crear | Mangonel |
| 23:44 | Construir | House |
| 23:45 | Construir | House |
| 23:46 | Crear | Villager (Male) |
| 24:03 | Construir | Town Center |
| 24:04 | Crear | Villager (Male) |
Build order — lsa
Primeras 150 de 679 acciones detectadas
| 0:00 | Crear | Villager (Male) |
| 0:01 | Crear | Villager (Male) |
| 0:01 | Crear | Villager (Male) |
| 0:03 | Construir | House |
| 0:04 | Construir | House |
| 0:09 | Crear | Villager (Male) |
| 1:24 | Crear | Villager (Male) |
| 1:24 | Crear | Villager (Male) |
| 2:00 | Crear | Villager (Male) |
| 2:00 | Crear | Villager (Male) |
| 2:17 | Construir | Lumber Camp |
| 2:21 | Crear | Villager (Male) |
| 3:03 | Crear | Villager (Male) |
| 3:39 | Construir | House |
| 3:46 | Crear | Villager (Male) |
| 3:48 | Investigar | Loom |
| 3:52 | Crear | Villager (Male) |
| 4:12 | Crear | Villager (Male) |
| 4:13 | Crear | Villager (Male) |
| 4:39 | Crear | Villager (Male) |
| 5:01 | Crear | Villager (Male) |
| 5:07 | Crear | Villager (Male) |
| 5:31 | Crear | Villager (Male) |
| 5:38 | Construir | Dock |
| 6:36 | Investigar | Loom |
| 6:39 | Investigar | Feudal Age |
| 6:40 | Investigar | Feudal Age |
| 6:40 | Investigar | Feudal Age |
| 7:01 | Crear | Fishing Ship |
| 7:08 | Construir | House |
| 7:45 | Construir | Lumber Camp |
| 7:59 | Edad | Edad Feudal |
| 8:01 | Crear | Villager (Male) |
| 8:05 | Investigar | Double-Bit Axe |
| 8:09 | Construir | Fish Trap |
| 8:14 | Construir | House |
| 8:15 | Crear | Villager (Male) |
| 8:33 | Crear | Villager (Male) |
| 8:42 | Crear | Fishing Ship |
| 8:57 | Construir | House |
| 9:03 | Crear | Fishing Ship |
| 9:05 | Crear | Villager (Male) |
| 9:14 | Construir | Dock |
| 9:24 | Construir | Fish Trap |
| 9:43 | Investigar | Loom |
| 9:53 | Crear | Fishing Ship |
| 9:57 | Crear | Villager (Male) |
| 10:05 | Construir | Fish Trap |
| 10:13 | Crear | Fishing Ship |
| 10:34 | Construir | House |
| 10:35 | Crear | Fishing Ship |
| 10:36 | Crear | Fishing Ship |
| 10:40 | Construir | Fish Trap |
| 10:42 | Crear | Villager (Male) |
| 10:42 | Crear | Villager (Male) |
| 10:51 | Crear | Fishing Ship |
| 10:53 | Construir | House |
| 11:01 | Crear | Villager (Male) |
| 11:05 | Construir | Fish Trap |
| 11:27 | Construir | Dock |
| 11:29 | Construir | Fish Trap |
| 11:36 | Crear | Villager (Male) |
| 11:42 | Crear | Fishing Ship |
| 11:43 | Crear | Villager (Male) |
| 11:48 | Construir | Fish Trap |
| 11:58 | Construir | Fish Trap |
| 12:03 | Crear | Fishing Ship |
| 12:03 | Crear | Fishing Ship |
| 12:10 | Construir | House |
| 12:15 | Construir | House |
| 12:16 | Crear | Villager (Male) |
| 12:29 | Construir | Fish Trap |
| 12:30 | Crear | Fishing Ship |
| 12:31 | Crear | Fishing Ship |
| 12:33 | Crear | Villager (Male) |
| 12:47 | Construir | Fish Trap |
| 12:53 | Crear | Villager (Male) |
| 13:03 | Construir | House |
| 13:11 | Construir | Fish Trap |
| 13:18 | Construir | Fish Trap |
| 13:18 | Crear | Fishing Ship |
| 13:19 | Crear | Fishing Ship |
| 13:20 | Crear | Villager (Male) |
| 13:26 | Construir | Fish Trap |
| 13:40 | Construir | House |
| 13:41 | Crear | Villager (Male) |
| 13:44 | Crear | Fishing Ship |
| 13:52 | Construir | Mining Camp |
| 14:09 | Construir | Lumber Camp |
| 14:16 | Crear | Villager (Male) |
| 14:20 | Construir | Fish Trap |
| 14:29 | Construir | Fish Trap |
| 14:44 | Crear | Villager (Male) |
| 14:55 | Construir | Blacksmith |
| 15:01 | Investigar | Gold Mining |
| 15:09 | Crear | Villager (Male) |
| 15:13 | Crear | Villager (Male) |
| 15:26 | Crear | Fishing Ship |
| 15:31 | Construir | Barracks |
| 15:47 | Crear | Fishing Ship |
| 15:57 | Crear | Villager (Male) |
| 16:04 | Crear | Fishing Ship |
| 16:10 | Construir | Fish Trap |
| 16:16 | Construir | Stable |
| 16:27 | Crear | Villager (Male) |
| 16:36 | Construir | Fish Trap |
| 16:41 | Crear | Fishing Ship |
| 16:52 | Construir | Fish Trap |
| 16:54 | Crear | Villager (Male) |
| 17:04 | Construir | House |
| 17:11 | Construir | Lumber Camp |
| 17:12 | Investigar | Castle Age |
| 17:13 | Investigar | Castle Age |
| 17:26 | Crear | Fishing Ship |
| 17:26 | Crear | Fishing Ship |
| 17:42 | Construir | Stable |
| 17:45 | Investigar | Scale Barding Armor |
| 17:46 | Investigar | Scale Barding Armor |
| 17:48 | Investigar | Forging |
| 17:48 | Investigar | Forging |
| 17:54 | Construir | Fish Trap |
| 18:06 | Investigar | Tech 906 |
| 18:18 | Crear | Scout Cavalry |
| 18:18 | Crear | Scout Cavalry |
| 18:20 | Crear | Fishing Ship |
| 18:20 | Crear | Fishing Ship |
| 18:25 | Construir | Fish Trap |
| 18:27 | Construir | Fish Trap |
| 18:48 | Edad | Edad de los Castillos |
| 18:55 | Investigar | Bow Saw |
| 18:58 | Crear | Battle Elephant |
| 18:58 | Crear | Battle Elephant |
| 19:02 | Construir | Stable |
| 19:04 | Crear | Fishing Ship |
| 19:05 | Crear | Fishing Ship |
| 19:09 | Construir | House |
| 19:14 | Construir | Fish Trap |
| 19:18 | Construir | Fish Trap |
| 19:20 | Crear | Villager (Male) |
| 19:20 | Crear | Villager (Male) |
| 19:27 | Construir | House |
| 19:30 | Investigar | Husbandry |
| 19:38 | Crear | Battle Elephant |
| 19:48 | Construir | House |
| 19:50 | Crear | Battle Elephant |
| 19:54 | Construir | Fish Trap |
| 20:01 | Construir | Fish Trap |
| 20:03 | Crear | Battle Elephant |
| 20:04 | Crear | Battle Elephant |
| 20:04 | Crear | Battle Elephant |
Build order — 溢彩欧泊
Primeras 150 de 387 acciones detectadas
| 0:01 | Crear | Villager (Male) ×4 |
| 0:01 | Crear | Villager (Male) ×4 |
| 0:02 | Construir | House |
| 0:03 | Construir | House |
| 1:27 | Crear | Villager (Male) |
| 1:27 | Crear | Villager (Male) |
| 2:00 | Crear | Villager (Male) |
| 2:00 | Crear | Villager (Male) |
| 2:00 | Crear | Villager (Male) |
| 2:16 | Construir | Settlement |
| 2:49 | Crear | Villager (Male) |
| 2:50 | Crear | Villager (Male) |
| 3:16 | Crear | Villager (Male) |
| 3:30 | Crear | Villager (Male) |
| 3:41 | Crear | Villager (Male) |
| 4:22 | Crear | Villager (Male) |
| 4:47 | Crear | Villager (Male) |
| 5:09 | Crear | Villager (Male) |
| 5:13 | Construir | Farm |
| 5:17 | Construir | Farm |
| 5:32 | Construir | House |
| 5:41 | Crear | Villager (Male) |
| 6:17 | Crear | Villager (Male) |
| 6:27 | Crear | Villager (Male) |
| 6:57 | Crear | Villager (Male) |
| 7:05 | Construir | Farm |
| 7:10 | Construir | Farm |
| 7:20 | Crear | Villager (Male) |
| 7:37 | Construir | Settlement |
| 7:39 | Crear | Villager (Male) |
| 8:18 | Crear | Villager (Male) |
| 8:24 | Crear | Villager (Male) |
| 8:32 | Construir | Farm |
| 8:35 | Investigar | Feudal Age |
| 8:36 | Investigar | Feudal Age |
| 9:09 | Construir | Farm |
| 9:41 | Construir | Barracks |
| 9:48 | Crear | Villager (Male) |
| 10:28 | Crear | Villager (Male) |
| 11:22 | Edad | Edad Feudal |
| 11:27 | Construir | Blacksmith |
| 11:29 | Construir | Archery Range |
| 11:34 | Investigar | Double-Bit Axe |
| 11:34 | Investigar | Double-Bit Axe |
| 12:22 | Investigar | Castle Age |
| 12:37 | Construir | House |
| 12:38 | Construir | House |
| 12:49 | Investigar | Horse Collar |
| 12:49 | Investigar | Horse Collar |
| 12:57 | Construir | Farm |
| 12:57 | Construir | Farm |
| 13:22 | Crear | Spearman |
| 13:27 | Crear | Spearman |
| 13:28 | Crear | Spearman |
| 13:30 | Crear | Villager (Male) |
| 13:33 | Construir | Farm |
| 13:58 | Construir | Farm |
| 14:05 | Construir | Archery Range |
| 14:39 | Investigar | Fletching |
| 15:02 | Edad | Edad de los Castillos |
| 15:02 | Crear | Bolas Rider |
| 15:03 | Crear | Bolas Rider |
| 15:08 | Crear | Villager (Male) |
| 15:09 | Crear | Bolas Rider |
| 15:10 | Crear | Bolas Rider |
| 15:22 | Construir | Farm |
| 15:23 | Crear | Villager (Male) |
| 15:24 | Investigar | Bow Saw |
| 15:25 | Investigar | Bow Saw |
| 15:59 | Construir | Settlement |
| 16:02 | Crear | Bolas Rider |
| 16:03 | Crear | Bolas Rider |
| 16:14 | Crear | Villager (Male) |
| 16:31 | Crear | Bolas Rider |
| 16:37 | Crear | Villager (Male) |
| 16:40 | Construir | House |
| 16:42 | Construir | House |
| 16:42 | Construir | House |
| 16:47 | Investigar | Padded Archer Armor |
| 16:52 | Investigar | Padded Archer Armor |
| 16:52 | Investigar | Padded Archer Armor |
| 16:57 | Construir | Settlement |
| 17:06 | Crear | Bolas Rider |
| 17:09 | Investigar | Bodkin Arrow |
| 17:09 | Investigar | Bodkin Arrow |
| 17:10 | Crear | Villager (Male) |
| 17:16 | Construir | Farm |
| 17:25 | Crear | Villager (Male) |
| 17:40 | Crear | Bolas Rider |
| 17:40 | Crear | Bolas Rider |
| 17:51 | Crear | Bolas Rider |
| 17:51 | Crear | Bolas Rider |
| 17:53 | Crear | Villager (Male) |
| 18:05 | Crear | Bolas Rider |
| 18:05 | Crear | Bolas Rider |
| 18:15 | Crear | Bolas Rider |
| 18:16 | Crear | Villager (Male) |
| 18:25 | Crear | Villager (Male) |
| 18:41 | Investigar | Loom |
| 18:41 | Investigar | Loom |
| 18:45 | Crear | Bolas Rider |
| 18:46 | Crear | Bolas Rider |
| 19:05 | Crear | Villager (Male) |
| 19:11 | Crear | Bolas Rider |
| 19:13 | Crear | Villager (Male) |
| 19:25 | Crear | Bolas Rider |
| 19:25 | Crear | Bolas Rider |
| 19:38 | Crear | Villager (Male) |
| 19:41 | Construir | University |
| 19:47 | Crear | Bolas Rider |
| 19:47 | Crear | Bolas Rider |
| 19:48 | Crear | Bolas Rider |
| 19:56 | Construir | House |
| 19:57 | Construir | House |
| 19:58 | Construir | House |
| 20:30 | Crear | Bolas Rider |
| 20:35 | Crear | Villager (Male) |
| 20:55 | Investigar | Ballistics |
| 20:55 | Investigar | Ballistics |
| 20:57 | Crear | Villager (Male) |
| 21:19 | Crear | Bolas Rider |
| 21:20 | Crear | Bolas Rider |
| 21:21 | Crear | Villager (Male) |
| 21:27 | Construir | Settlement |
| 21:36 | Investigar | Wheelbarrow |
| 21:36 | Investigar | Wheelbarrow |
| 21:38 | Investigar | Wheelbarrow |
| 21:38 | Investigar | Wheelbarrow |
| 21:50 | Crear | Bolas Rider |
| 21:51 | Crear | Bolas Rider |
| 22:11 | Crear | Villager (Male) |
| 22:25 | Crear | Bolas Rider |
| 22:25 | Crear | Bolas Rider |
| 22:29 | Construir | House |
| 22:31 | Construir | House |
| 22:33 | Crear | Villager (Male) |
| 22:40 | Construir | Town Center |
| 22:49 | Crear | Bolas Rider |
| 22:49 | Crear | Bolas Rider |
| 23:00 | Crear | Bolas Rider |
| 23:01 | Crear | Bolas Rider |
| 23:28 | Crear | Bolas Rider |
| 23:28 | Crear | Bolas Rider |
| 23:29 | Crear | Villager (Male) |
| 23:38 | Crear | Bolas Rider |
| 23:38 | Crear | Bolas Rider |
| 23:46 | Construir | Archery Range |
| 23:59 | Crear | Bolas Rider |
| 23:59 | Crear | Bolas Rider |
| 23:59 | Crear | Bolas Rider |
Build order — Nagasaki Anon
Primeras 150 de 481 acciones detectadas
| 0:01 | Crear | Villager (Male) |
| 0:01 | Crear | Villager (Male) |
| 0:03 | Construir | House |
| 0:04 | Construir | House |
| 0:04 | Crear | Villager (Male) ×2 |
| 1:44 | Crear | Villager (Male) |
| 1:51 | Crear | Villager (Male) |
| 2:15 | Construir | Lumber Camp |
| 2:15 | Crear | Villager (Male) |
| 2:31 | Crear | Villager (Male) |
| 3:03 | Crear | Villager (Male) |
| 3:44 | Crear | Villager (Male) |
| 3:54 | Crear | Villager (Male) |
| 4:03 | Construir | House |
| 4:40 | Crear | Villager (Male) |
| 4:40 | Crear | Villager (Male) |
| 4:40 | Crear | Villager (Male) |
| 4:41 | Crear | Villager (Male) |
| 5:19 | Crear | Villager (Male) |
| 5:27 | Construir | Mill |
| 5:52 | Crear | Villager (Male) |
| 6:09 | Construir | Mining Camp |
| 6:15 | Crear | Villager (Male) |
| 6:45 | Crear | Villager (Male) |
| 6:48 | Construir | House |
| 7:10 | Construir | Farm |
| 7:14 | Construir | Farm |
| 7:33 | Crear | Villager (Male) |
| 8:00 | Construir | Farm |
| 8:17 | Crear | Villager (Male) |
| 8:17 | Crear | Villager (Male) |
| 8:37 | Construir | House |
| 9:23 | Investigar | Feudal Age |
| 10:05 | Construir | Barracks |
| 11:14 | Construir | Farm |
| 11:24 | Crear | Villager (Male) |
| 11:24 | Crear | Villager (Male) |
| 11:46 | Edad | Edad Feudal |
| 11:53 | Construir | Stable |
| 12:07 | Construir | Blacksmith |
| 12:21 | Investigar | Double-Bit Axe |
| 12:49 | Investigar | Castle Age |
| 12:52 | Investigar | Horse Collar |
| 12:56 | Construir | Farm |
| 13:20 | Construir | Farm |
| 13:46 | Construir | Lumber Camp |
| 15:14 | Investigar | Scale Barding Armor |
| 15:29 | Edad | Edad de los Castillos |
| 15:34 | Construir | Town Center |
| 15:37 | Crear | Camel Scout |
| 15:37 | Crear | Camel Scout |
| 15:42 | Crear | Villager (Male) |
| 15:42 | Crear | Villager (Male) |
| 15:43 | Crear | Villager (Male) |
| 16:07 | Construir | House |
| 16:27 | Construir | House |
| 16:28 | Construir | House |
| 16:29 | Construir | House |
| 16:48 | Crear | Camel Scout |
| 17:08 | Crear | Camel Scout |
| 17:09 | Crear | Villager (Male) |
| 17:10 | Crear | Villager (Male) |
| 17:15 | Crear | Villager (Male) |
| 17:35 | Construir | Town Center |
| 17:37 | Crear | Villager (Male) |
| 17:37 | Crear | Villager (Male) |
| 17:40 | Construir | Farm |
| 17:44 | Construir | Farm |
| 18:10 | Crear | Camel Scout |
| 18:18 | Construir | House |
| 18:23 | Construir | Palisade Wall |
| 18:26 | Construir | Palisade Wall |
| 18:45 | Crear | Villager (Male) |
| 18:46 | Crear | Villager (Male) |
| 18:54 | Investigar | Loom |
| 19:05 | Construir | Farm |
| 19:06 | Construir | Farm |
| 19:08 | Crear | Villager (Male) |
| 19:31 | Crear | Villager (Male) |
| 19:35 | Crear | Villager (Male) |
| 19:44 | Crear | Villager (Male) |
| 20:06 | Crear | Camel Scout |
| 20:16 | Crear | Villager (Male) |
| 20:20 | Construir | Farm |
| 20:21 | Construir | Farm |
| 20:22 | Crear | Villager (Male) |
| 20:36 | Crear | Villager (Male) |
| 21:02 | Crear | Camel Scout |
| 21:03 | Crear | Villager (Male) |
| 21:31 | Construir | Mining Camp |
| 21:32 | Crear | Villager (Male) |
| 21:33 | Crear | Villager (Male) |
| 21:35 | Construir | Farm |
| 21:35 | Construir | Farm |
| 21:36 | Construir | Farm |
| 21:38 | Construir | Farm |
| 21:39 | Construir | Farm |
| 21:41 | Crear | Villager (Male) |
| 22:02 | Construir | Monastery |
| 22:04 | Crear | Villager (Male) |
| 22:06 | Crear | Villager (Male) |
| 22:43 | Crear | Villager (Male) |
| 22:45 | Crear | Villager (Male) |
| 22:49 | Crear | Villager (Male) |
| 22:51 | Crear | Monk |
| 22:52 | Crear | Monk |
| 23:01 | Crear | Villager (Male) |
| 23:06 | Crear | Villager (Male) |
| 23:10 | Construir | Farm |
| 23:18 | Construir | Farm |
| 23:18 | Construir | Farm |
| 23:19 | Construir | Farm |
| 23:19 | Construir | Farm |
| 23:19 | Construir | Farm |
| 23:19 | Construir | Farm |
| 23:21 | Crear | Villager (Male) |
| 23:22 | Crear | Villager (Male) |
| 23:31 | Crear | Villager (Male) |
| 23:56 | Crear | Villager (Male) |
| 23:58 | Construir | House |
| 23:59 | Construir | House |
| 23:59 | Construir | House |
| 24:00 | Construir | House |
| 24:01 | Construir | House |
| 24:42 | Crear | Villager (Male) |
| 24:42 | Crear | Villager (Male) |
| 24:43 | Crear | Villager (Male) |
| 24:55 | Construir | Castle |
| 25:07 | Crear | Villager (Male) |
| 25:08 | Crear | Villager (Male) |
| 25:13 | Construir | Town Center |
| 25:17 | Crear | Villager (Male) |
| 25:18 | Crear | Villager (Male) |
| 25:20 | Crear | Villager (Male) |
| 25:24 | Investigar | Wheelbarrow |
| 25:37 | Construir | Stable |
| 25:46 | Construir | Stable |
| 25:49 | Investigar | Bloodlines |
| 25:50 | Crear | Camel Scout |
| 25:50 | Crear | Camel Scout |
| 25:50 | Crear | Camel Scout |
| 25:50 | Crear | Camel Scout |
| 26:07 | Crear | Monk |
| 26:12 | Crear | Camel Scout |
| 26:12 | Crear | Camel Scout |
| 26:13 | Crear | Villager (Male) |
| 26:14 | Crear | Villager (Male) |
| 26:16 | Crear | Villager (Male) |
| 26:22 | Construir | Farm |
| 26:29 | Crear | Camel Scout |
Build order — Nqn7m1
Primeras 150 de 293 acciones detectadas
| 0:01 | Crear | Villager (Male) |
| 0:01 | Crear | Villager (Male) |
| 0:01 | Crear | Villager (Male) |
| 0:03 | Construir | House |
| 0:05 | Construir | House |
| 0:07 | Crear | Villager (Male) |
| 0:07 | Crear | Villager (Male) |
| 1:21 | Crear | Villager (Male) |
| 1:53 | Crear | Villager (Male) |
| 2:13 | Crear | Villager (Male) |
| 2:37 | Construir | Lumber Camp |
| 2:42 | Crear | Villager (Male) |
| 2:55 | Crear | Villager (Male) |
| 3:21 | Crear | Villager (Male) |
| 3:26 | Construir | House |
| 4:12 | Crear | Villager (Male) |
| 4:17 | Construir | House |
| 4:30 | Crear | Villager (Male) |
| 4:43 | Crear | Villager (Male) |
| 4:44 | Crear | Villager (Male) |
| 5:20 | Crear | Villager (Male) |
| 6:09 | Construir | Mill |
| 6:15 | Construir | Mill |
| 6:17 | Crear | Villager (Male) |
| 6:17 | Crear | Villager (Male) |
| 6:18 | Crear | Villager (Male) |
| 7:06 | Construir | Farm |
| 7:10 | Construir | Farm |
| 7:13 | Construir | Farm |
| 7:20 | Crear | Villager (Male) |
| 7:26 | Construir | Farm |
| 7:38 | Crear | Villager (Male) |
| 7:39 | Investigar | Loom |
| 8:01 | Construir | Farm |
| 8:26 | Construir | House |
| 8:46 | Investigar | Feudal Age |
| 9:05 | Construir | Mining Camp |
| 9:13 | Crear | Villager (Male) |
| 9:16 | Crear | Villager (Male) |
| 10:57 | Edad | Edad Feudal |
| 11:02 | Construir | Market |
| 11:16 | Construir | Blacksmith |
| 12:00 | Investigar | Castle Age |
| 12:13 | Construir | Lumber Camp |
| 12:37 | Investigar | Double-Bit Axe |
| 13:46 | Construir | House |
| 13:48 | Construir | House |
| 14:40 | Edad | Edad de los Castillos |
| 14:43 | Crear | Villager (Male) |
| 14:50 | Construir | Town Center |
| 15:12 | Crear | Villager (Male) |
| 15:14 | Investigar | Bow Saw |
| 15:21 | Construir | Farm |
| 15:39 | Crear | Villager (Male) |
| 15:44 | Construir | Farm |
| 15:52 | Crear | Villager (Male) |
| 16:14 | Crear | Villager (Male) |
| 16:15 | Crear | Villager (Male) |
| 16:15 | Crear | Villager (Male) |
| 16:30 | Construir | Farm |
| 16:31 | Construir | Farm |
| 16:35 | Construir | Farm |
| 16:42 | Crear | Villager (Male) |
| 16:50 | Crear | Villager (Male) |
| 16:58 | Construir | Dock |
| 17:03 | Construir | Dock |
| 17:24 | Crear | Villager (Male) |
| 17:32 | Crear | Longboat |
| 17:32 | Crear | Longboat |
| 17:33 | Crear | Villager (Male) |
| 17:47 | Construir | Dock |
| 17:51 | Crear | Villager (Male) |
| 17:56 | Crear | Longboat |
| 18:10 | Construir | Lumber Camp |
| 18:12 | Crear | Villager (Male) |
| 18:18 | Crear | Longboat |
| 18:19 | Crear | Villager (Male) |
| 18:23 | Crear | Villager (Male) |
| 18:26 | Construir | Farm |
| 18:26 | Construir | Farm |
| 18:26 | Construir | Farm |
| 18:27 | Construir | Farm |
| 18:36 | Crear | Longboat |
| 18:57 | Crear | Longboat |
| 18:59 | Crear | Villager (Male) |
| 19:05 | Investigar | Horse Collar |
| 19:10 | Construir | House |
| 19:12 | Construir | House |
| 19:14 | Construir | House |
| 19:23 | Investigar | Fletching |
| 19:26 | Construir | Farm |
| 19:26 | Construir | Farm |
| 19:26 | Construir | Farm |
| 19:29 | Construir | Farm |
| 19:29 | Construir | Farm |
| 19:46 | Crear | Villager (Male) |
| 19:46 | Crear | Villager (Male) |
| 19:50 | Construir | House |
| 19:53 | Construir | House |
| 19:56 | Construir | House |
| 20:11 | Crear | Longboat |
| 20:11 | Crear | Longboat |
| 20:11 | Crear | Longboat |
| 20:12 | Crear | Villager (Male) |
| 20:13 | Crear | Villager (Male) |
| 20:21 | Crear | Longboat |
| 20:41 | Crear | Villager (Male) |
| 20:48 | Crear | Villager (Male) |
| 20:49 | Crear | Longboat |
| 20:53 | Construir | University |
| 20:58 | Crear | Longboat |
| 21:00 | Crear | Villager (Male) |
| 21:20 | Crear | Villager (Male) |
| 21:56 | Crear | Villager (Male) |
| 21:56 | Crear | Villager (Male) |
| 21:59 | Investigar | Bodkin Arrow |
| 21:59 | Investigar | Bodkin Arrow |
| 22:05 | Crear | Longboat |
| 22:06 | Crear | Longboat |
| 22:25 | Crear | Villager (Male) |
| 22:25 | Crear | Villager (Male) |
| 22:28 | Construir | Farm |
| 22:33 | Investigar | Ballistics |
| 22:33 | Investigar | Ballistics |
| 22:35 | Construir | Lumber Camp |
| 22:52 | Crear | Longboat |
| 23:06 | Crear | Longboat |
| 23:12 | Crear | Villager (Male) |
| 23:12 | Crear | Villager (Male) |
| 23:23 | Crear | Longboat |
| 23:27 | Crear | Longboat |
| 23:47 | Crear | Villager (Male) |
| 23:47 | Crear | Villager (Male) |
| 23:52 | Crear | Longboat |
| 24:12 | Construir | Dock |
| 24:18 | Crear | Villager (Male) |
| 24:19 | Crear | Longboat |
| 24:19 | Crear | Longboat |
| 24:20 | Crear | Villager (Male) |
| 24:20 | Crear | Villager (Male) |
| 24:27 | Construir | Mining Camp |
| 24:31 | Crear | Villager (Male) |
| 24:45 | Crear | Longboat |
| 24:46 | Crear | Longboat |
| 24:47 | Crear | Villager (Male) |
| 24:50 | Construir | House |
| 24:51 | Construir | House |
| 24:57 | Construir | Dock |
| 25:14 | Construir | Palisade Wall |
| 25:15 | Construir | Palisade Wall |
Build order — 黑炎柠檬茶
Primeras 150 de 490 acciones detectadas
| 0:03 | Investigar | Loom |
| 0:04 | Investigar | Loom |
| 0:46 | Crear | Villager (Male) |
| 1:11 | Crear | Villager (Male) |
| 1:30 | Crear | Villager (Male) |
| 1:41 | Construir | Lumber Camp |
| 1:53 | Crear | Villager (Male) |
| 2:08 | Crear | Villager (Male) |
| 2:43 | Crear | Villager (Male) |
| 2:44 | Crear | Villager (Male) |
| 2:44 | Crear | Villager (Male) |
| 3:02 | Crear | Villager (Male) |
| 3:20 | Construir | House |
| 3:24 | Crear | Villager (Male) |
| 3:38 | Crear | Villager (Male) |
| 4:00 | Crear | Villager (Male) |
| 4:19 | Construir | Mill |
| 4:31 | Construir | Mill |
| 4:33 | Crear | Villager (Male) |
| 4:34 | Crear | Villager (Male) |
| 4:42 | Construir | House |
| 5:12 | Crear | Villager (Male) |
| 5:22 | Construir | Farm |
| 6:25 | Investigar | Feudal Age |
| 7:24 | Construir | Barracks |
| 7:36 | Crear | Villager (Male) |
| 8:46 | Edad | Edad Feudal |
| 8:47 | Construir | Stable |
| 8:52 | Investigar | Double-Bit Axe |
| 9:06 | Crear | Villager (Male) |
| 9:07 | Crear | Villager (Male) |
| 9:16 | Investigar | Horse Collar |
| 9:44 | Crear | Scout Cavalry |
| 9:46 | Crear | Scout Cavalry |
| 9:47 | Construir | House |
| 9:48 | Construir | House |
| 9:52 | Crear | Villager (Male) |
| 9:57 | Construir | Farm |
| 9:59 | Construir | Farm |
| 10:06 | Construir | Palisade Wall |
| 10:09 | Construir | Palisade Wall |
| 10:10 | Construir | Palisade Wall |
| 10:16 | Crear | Spearman |
| 10:36 | Crear | Scout Cavalry |
| 10:37 | Crear | Villager (Male) |
| 10:44 | Construir | Farm |
| 10:45 | Construir | Farm |
| 10:53 | Construir | House |
| 10:54 | Crear | Scout Cavalry |
| 11:07 | Crear | Villager (Male) |
| 11:11 | Construir | Farm |
| 11:12 | Construir | Farm |
| 11:20 | Construir | House |
| 11:31 | Crear | Villager (Male) |
| 11:35 | Construir | Farm |
| 11:36 | Construir | Farm |
| 11:39 | Construir | Farm |
| 11:50 | Construir | Farm |
| 12:03 | Crear | Villager (Male) |
| 12:25 | Crear | Villager (Male) |
| 12:30 | Construir | Farm |
| 12:34 | Construir | Farm |
| 12:35 | Construir | Farm |
| 12:35 | Construir | Farm |
| 12:39 | Construir | Farm |
| 12:42 | Crear | Spearman |
| 12:53 | Crear | Villager (Male) |
| 12:58 | Construir | Farm |
| 13:00 | Crear | Villager (Male) |
| 13:07 | Construir | Farm |
| 13:28 | Crear | Spearman |
| 13:37 | Crear | Villager (Male) |
| 13:42 | Construir | Farm |
| 14:14 | Crear | Villager (Male) |
| 14:18 | Construir | Lumber Camp |
| 14:32 | Crear | Villager (Male) |
| 14:38 | Crear | Spearman |
| 14:45 | Crear | Scout Cavalry |
| 14:50 | Crear | Villager (Male) |
| 14:54 | Construir | Mining Camp |
| 15:02 | Crear | Spearman |
| 15:25 | Crear | Villager (Male) |
| 15:32 | Construir | Blacksmith |
| 15:39 | Crear | Spearman |
| 15:47 | Crear | Villager (Male) |
| 16:03 | Construir | House |
| 16:04 | Construir | House |
| 16:09 | Construir | House |
| 16:10 | Construir | House |
| 16:12 | Investigar | Wheelbarrow |
| 16:33 | Crear | Villager (Male) |
| 16:36 | Construir | House |
| 17:07 | Crear | Villager (Male) |
| 17:45 | Investigar | Castle Age |
| 19:03 | Crear | Villager (Male) |
| 20:32 | Edad | Edad de los Castillos |
| 20:53 | Crear | Villager (Male) |
| 20:57 | Construir | Town Center |
| 21:11 | Construir | Town Center |
| 21:28 | Crear | Villager (Male) |
| 21:29 | Crear | Villager (Male) |
| 21:40 | Construir | Monastery |
| 21:53 | Crear | Villager (Male) |
| 22:03 | Crear | Villager (Male) |
| 22:16 | Crear | Monk |
| 22:20 | Crear | Villager (Male) |
| 22:20 | Crear | Villager (Male) |
| 22:24 | Crear | Knight |
| 22:24 | Crear | Knight |
| 22:31 | Crear | Spearman |
| 22:31 | Crear | Spearman |
| 22:40 | Crear | Villager (Male) |
| 22:52 | Crear | Monk |
| 22:53 | Crear | Villager (Male) |
| 22:53 | Crear | Villager (Male) |
| 22:57 | Construir | Mining Camp |
| 22:58 | Crear | Villager (Male) |
| 22:58 | Crear | Villager (Male) |
| 23:00 | Crear | Villager (Male) |
| 23:00 | Crear | Villager (Male) |
| 23:06 | Crear | Villager (Male) |
| 23:06 | Crear | Villager (Male) |
| 23:42 | Crear | Villager (Male) |
| 23:42 | Crear | Villager (Male) |
| 23:42 | Crear | Villager (Male) |
| 23:43 | Crear | Villager (Male) |
| 23:46 | Construir | Farm |
| 23:46 | Construir | Farm |
| 23:46 | Construir | Farm |
| 23:47 | Construir | Farm |
| 23:47 | Construir | Farm |
| 23:48 | Crear | Villager (Male) |
| 23:50 | Crear | Villager (Male) |
| 23:50 | Crear | Villager (Male) |
| 23:56 | Crear | Monk |
| 24:15 | Crear | Villager (Male) |
| 24:16 | Crear | Villager (Male) |
| 24:16 | Crear | Villager (Male) |
| 24:48 | Crear | Villager (Male) |
| 24:48 | Crear | Villager (Male) |
| 24:48 | Crear | Villager (Male) |
| 24:50 | Crear | Villager (Male) |
| 24:57 | Crear | Monk |
| 24:58 | Crear | Villager (Male) |
| 24:59 | Crear | Villager (Male) |
| 25:00 | Crear | Villager (Male) |
| 25:10 | Crear | Villager (Male) |
| 25:11 | Crear | Villager (Male) |
| 25:11 | Crear | Villager (Male) |
| 25:28 | Construir | Market |
Cronología de la partida
| 5:38 | lsa · first_building Dock |
| 7:07 | Xialian · first_building Barracks |
| 7:24 | 黑炎柠檬茶 · first_building Barracks |
| 7:59 | lsa · age_up feudal |
| 8:46 | 黑炎柠檬茶 · age_up feudal |
| 8:47 | 黑炎柠檬茶 · first_building Stable |
| 9:25 | Xialian · age_up feudal |
| 9:27 | Xialian · first_building Stable |
| 9:41 | 溢彩欧泊 · first_building Barracks |
| 10:05 | Nagasaki Anon · first_building Barracks |
| 10:06 | 黑炎柠檬茶 · wall_segment Palisade Wall x1 |
| 10:09 | 啊这 · age_up feudal |
| 10:09 | 黑炎柠檬茶 · wall_segment Palisade Wall x1 |
| 10:10 | 黑炎柠檬茶 · wall_segment Palisade Wall x1 |
| 10:30 | 悠律 · age_up feudal |
| 10:57 | Nqn7m1 · age_up feudal |
| 11:22 | 溢彩欧泊 · age_up feudal |
| 11:29 | 溢彩欧泊 · first_building Archery Range |
| 11:46 | Nagasaki Anon · age_up feudal |
| 11:53 | Nagasaki Anon · first_building Stable |
| 11:59 | 啊这 · first_market_sell 100 wood |
| 12:00 | 啊这 · first_market_buy 100 food |
| 14:06 | 悠律 · age_up castle |
| 14:12 | 悠律 · first_building Castle |
| 14:40 | Nqn7m1 · age_up castle |
| 14:41 | 啊这 · age_up castle |
| 15:02 | 溢彩欧泊 · age_up castle |
| 15:29 | Nagasaki Anon · age_up castle |
| 15:31 | lsa · first_building Barracks |
| 15:37 | 啊这 · first_building Barracks |
| 15:58 | 啊这 · wall_segment Palisade Wall x1 |
| 16:13 | 啊这 · wall_segment Palisade Wall x1 |
| 16:16 | lsa · first_building Stable |
| 16:58 | Nqn7m1 · first_building Dock |
| 17:41 | 啊这 · first_building Stable |
| 18:23 | Nagasaki Anon · wall_segment Palisade Wall x2 |
| 18:26 | Nagasaki Anon · wall_segment Palisade Wall x1 |
| 18:48 | lsa · age_up castle |
| 19:36 | 啊这 · first_building Archery Range |
| 20:30 | Xialian · age_up castle |
| 20:32 | 黑炎柠檬茶 · age_up castle |
| 21:40 | 黑炎柠檬茶 · first_building Monastery |
| 21:58 | Nqn7m1 · first_market_sell 100 wood |
| 22:02 | Nagasaki Anon · first_building Monastery |
| 22:24 | 啊这 · first_building Siege Workshop |
| 24:55 | Nagasaki Anon · first_building Castle |
| 25:14 | Nqn7m1 · wall_segment Palisade Wall x1 |
| 25:15 | Nqn7m1 · wall_segment Palisade Wall x1 |
| 25:16 | Nqn7m1 · wall_segment Palisade Wall x1 |
| 26:20 | Nqn7m1 · first_market_buy 100 wood |
| 27:58 | 黑炎柠檬茶 · first_building Castle |
| 28:06 | Nqn7m1 · first_building Monastery |
| 31:38 | 啊这 · first_building Castle |
| 31:41 | 黑炎柠檬茶 · first_market_buy 100 food |
| 31:42 | 黑炎柠檬茶 · first_market_sell 100 wood |
| 32:09 | Xialian · first_building Castle |
| 32:13 | 黑炎柠檬茶 · first_building Archery Range |
| 32:25 | Xialian · first_building Monastery |
| 32:27 | Nqn7m1 · age_up imperial |
| 33:00 | 啊这 · first_building Dock |
| 33:17 | 溢彩欧泊 · first_building Castle |
| 34:04 | 溢彩欧泊 · first_building Monastery |
| 34:57 | 黑炎柠檬茶 · age_up imperial |
| 35:06 | Nqn7m1 · first_building Barracks |
| 35:09 | 黑炎柠檬茶 · first_building Siege Workshop |
| 35:29 | lsa · first_building Monastery |
| 36:04 | 啊这 · age_up imperial |
| 36:05 | 黑炎柠檬茶 · wall_segment Stone Wall x1 |
| 37:07 | Nagasaki Anon · first_building Archery Range |
| 37:09 | Nagasaki Anon · age_up imperial |
| 38:11 | 溢彩欧泊 · age_up imperial |
| 38:21 | 悠律 · first_market_buy 100 food |
| 38:53 | Nagasaki Anon · first_building Siege Workshop |
| 38:54 | lsa · age_up imperial |
| 40:05 | lsa · first_building Archery Range |
| 40:07 | Xialian · first_building Siege Workshop |
| 40:32 | 黑炎柠檬茶 · tribute_sent a jugador 1 |
| 40:32 | 黑炎柠檬茶 · tribute_sent a jugador 2 |
| 40:32 | 黑炎柠檬茶 · tribute_sent a jugador 3 |
| 40:32 | 黑炎柠檬茶 · tribute_sent a jugador 4 |
| 40:32 | 黑炎柠檬茶 · tribute_sent a jugador 5 |
| 40:32 | 黑炎柠檬茶 · tribute_sent a jugador 6 |
| 40:32 | 黑炎柠檬茶 · tribute_sent a jugador 8 |
| 41:00 | Nqn7m1 · first_building Castle |
| 41:31 | 悠律 · age_up imperial |
| 41:36 | lsa · first_building Castle |
| 41:42 | Xialian · age_up imperial |
| 41:59 | Nqn7m1 · first_building Archery Range |
| 42:07 | 悠律 · first_market_sell 500 wood |
| 43:03 | Nqn7m1 · first_building Siege Workshop |
| 43:04 | Xialian · first_market_sell 100 food |
| 45:14 | 悠律 · first_building Barracks |
| 45:38 | 溢彩欧泊 · wall_segment Stone Wall x1 |
| 46:02 | Nagasaki Anon · first_market_sell 500 food |
| 46:53 | 溢彩欧泊 · wall_segment Stone Wall x4 |
| 46:56 | 溢彩欧泊 · wall_segment Stone Wall x12 |
| 47:34 | Nqn7m1 · tribute_sent a jugador 1 |
| 47:34 | Nqn7m1 · tribute_sent a jugador 2 |
| 47:34 | Nqn7m1 · tribute_sent a jugador 3 |
| 47:34 | Nqn7m1 · tribute_sent a jugador 4 |
| 47:34 | Nqn7m1 · tribute_sent a jugador 5 |
| 47:34 | Nqn7m1 · tribute_sent a jugador 7 |
| 47:34 | Nqn7m1 · tribute_sent a jugador 8 |
| 48:03 | 黑炎柠檬茶 · wall_segment Stone Wall x13 |
| 48:08 | 黑炎柠檬茶 · wall_segment Stone Wall x16 |
| 48:08 | Nqn7m1 · resign |
| 48:13 | 黑炎柠檬茶 · wall_segment Stone Wall x1 |
[ ANÁLISIS IA · 1 CRÉDITO ]
¿Qué pasó realmente en esta partida?
Wolo.gg analiza cada decisión: build order, eco, micro, errores típicos por bracket. Análisis personalizado por WhatsApp o Discord en 30 segundos.
Guía civ
Francos
Perfil
Xialian